 Dungeon Crawl Stone Soup version 0.30-a0-1163-gf69bf04e7a (webtiles) character file.

Game seed: 15139500501096515247

34 ytrimaz the Ducker (level 3, -1/27 HPs)
             Began as a Demonspawn Gladiator on Apr 28, 2023.
             Slain by a kobold
             ... wielding a +0 short sword
              (2 damage)
             ... on level 2 of the Dungeon.
             The game lasted 00:00:57 (803 turns).

ytrimaz the Ducker (Demonspawn Gladiator)            Turns: 803, Time: 00:00:58

Health: -1/27      AC:  4    Str: 14    XL:     3   Next: 14%
Magic:  3/3        EV: 13    Int:  9    God:
Gold:   15         SH:  0    Dex: 16    Spells: 2/2 levels left

rFire   . . .        a - +0 rapier
rCold   . . .        (no shield)
rNeg    . . .        b - +0 leather armour
rPois   .            c - +0 helmet
rElec   .            (no cloak)
rCorr   .            (no gloves)
SInv    .            (no boots)
Will    .....        (no amulet)
Stlth   +            (no ring)
HPRegen 0.24/turn    (no ring)
MPRegen 0.08/turn

%: no passive effects
@: no status effects
A: weakness stinger 1
a: no special abilities


You were on level 2 of the Dungeon.
You visited 1 branch of the dungeon, and saw 2 of its levels.

You collected 15 gold pieces.


Innate Abilities, Weirdness & Mutations

You have a small tail.


   Skills:
 - Level 2.0 Fighting
 + Level 3.3 Short Blades
 - Level 1.7 Throwing
 + Level 3.3 Dodging


You had 2 spell levels left.
You didn't know any spells.
Your spell library contained the following spells:

 Spells                   Type           Power      Damage    Failure   Level
 Sublimation of Blood     Necr           0%         N/A       61%         2
 Wereblood                Tmut           0%         N/A       61%         2
 Summon Hydra             Summ           0%         N/A       100%        7

Inventory:

Hand Weapons
 a - a +0 rapier (weapon)
Missiles
 d - 3 throwing nets (quivered)
 e - a javelin
Armour
 b - a +0 leather armour (worn)
 c - a +0 helmet (worn)
Scrolls
 f - a scroll of vulnerability {unknown}
 j - a scroll of silence {unknown}
Potions
 h - a potion of attraction {unknown}

Dungeon Overview and Level Annotations

Branches:
Dungeon (2/15) Zot: 11193

Altars:

....###.###
...K......#
..........#
..........#
..........#
#######l###
#†# #K# #@#
#.# #.###
#.#<# #.#.#
#.#.# #.#.#
#.#.# #.#.#


You could see a kobold and a frilled lizard.


Message History

You tail-slap the rat, but do no damage.
The rat closely misses you.
Unknown command.
You barely miss the rat. The rat closely misses you. 😱 HP[+1]
You hit the rat.
You kill the rat!
You hit the adder.
Your tail-slap misses the adder.
The adder bites you but does no damage. The adder barely misses you.
Unknown command.
It was a potion of heal wounds.
You feel much better. The adder bites you. 😕 HP[+14]
You regained 14 hp, and now have 19/22 hp.
Unknown command.
You barely miss the adder. The adder bites you.
You hit the adder.
Your tail-slap misses the adder.
The adder barely misses you. x2
Unknown command.
You closely miss the adder. The adder bites you but does no damage.
You miss the adder. The adder bites you. The adder closely misses you. 😮 HP[-4]
You take 4 damage, and now have 15/22 hp.
You hit the adder. The adder bites you. 😮 HP[-1]
You take 1 damage, and now have 14/22 hp.
You are too injured to fight recklessly!
You barely miss the adder. The adder bites you.
Unknown command. 😮 HP[-1]
You take 1 damage, and now have 13/22 hp.
You are too injured to fight recklessly!
You closely miss the adder. The adder closely misses you.
The adder bites you but does no damage.
You puncture the adder!
You kill the adder!
You are too injured to fight recklessly!
Unknown command.
You closely miss the adder. The adder barely misses you.
The adder bites you but does no damage.
You are too injured to fight recklessly!
You hit the adder. The adder closely misses you. 😮 HP[+1]
You barely miss the adder.
Your tail-slap misses the adder.
The adder bites you. 😮 HP[-2]
You take 2 damage, and now have 12/22 hp.
You are too injured to fight recklessly!
Unknown command.
You closely miss the adder.
Your tail-slap misses the adder.
The adder bites you.
* * * LOW HITPOINT WARNING * * *
The adder bites you but does no damage. 😨 HP[-1]
You take 1 damage, and now have 11/22 hp.
You are too injured to fight recklessly!
You miss the adder. The adder bites you.
* * * LOW HITPOINT WARNING * * *
You are poisoned.
The adder poisons you! 😨 HP[-1]
You take 1 damage, and now have 10/22 hp.
You are too injured to fight recklessly!
You hit the adder.
You feel sick. The adder bites you but does no damage.
The adder closely misses you. 😨 HP[-1]
You take 1 damage, and now have 9/22 hp.
You hit the adder.
You feel sick.
The adder bites you but does no damage. 😨 HP[-1]
You take 1 damage, and now have 8/22 hp.
You are too injured to fight recklessly!
Unknown command.
You hit the adder but do no damage.
You tail-slap the adder, but do no damage.
You feel sick. The adder bites you.
* * * LOW HITPOINT WARNING * * *
😱 HP[-4]
You take 4 damage, and now have 4/22 hp.
You barely miss the adder.
You feel sick. The adder barely misses you. The adder bites you.
* * * LOW HITPOINT WARNING * * *
😱 HP[-3]
You take 3 damage, and now have 1/22 hp.
Unknown command.
You miss the adder.
* * * LOW HITPOINT WARNING * * *
You feel sick.
You are no longer poisoned.
The adder barely misses you.
You closely miss the adder. You tail-slap the adder.
You kill the adder!
You have reached level 3!
Your experience leads to an increase in your attributes!
Increase (S)trength, (I)ntelligence, or (D)exterity?
You feel agile. x2 😱 MP[+1]
You now have 27 max hp (+5).
Your mp is fully restored (3).
Unknown command.
The kobold attacks as you move away!
The kobold hits you with a +0 short sword.
You die...

Skill      XL: |  1 |
---------------+----+-----
Short Blades   | 3 |  3.3
Dodging        | 3 |  3.3
Fighting       | |  2.0
Throwing       | |  1.7

Action                     || total
---------------------------++-------
  Melee: Rapier            ||    66
         Tailslap          ||     6
    Use: Potion            ||     1
 Armour: Leather armour    ||    10
  Dodge: Dodged            ||    29

Levels and vault maps discovered:
D:1:      heliophobic_arrival_ceremonial_halls, layout_loops_ring
D:2:      layout_basic, serial_park_tiny_2, minmay_misc_feat_square,
          uniq_sigmund, uniq_robin

Notes
Turn   | Place    | Note
-------+----------+-------------------------------------------
     0 | D:1      | ytrimaz the Demonspawn Gladiator began the quest for the
                  | Orb.
     0 | D:1      | Reached XP level 1. HP: 16/16 MP: 1/1
     0 | D:1      | magus.rc [v1.9.6]
   162 | D:1      | You pick up a book of Blood and begin reading...
   162 | D:1      | You add the spells Sublimation of Blood, Wereblood and
                  | Summon Hydra to your library.
   579 | D:1      | Reached skill level 3 in Short Blades
   579 | D:1      | Reached skill level 3 in Dodging
   579 | D:1      | Gained mutation: You have a small tail. [demonic ancestry]
   579 | D:1      | Reached XP level 2. HP: 21/22 MP: 2/2
   771 | D:2      | HP: 4/22 [worm (6)]
   798 | D:2      | HP: 4/22 [adder (3)]
   799 | D:2      | HP: 1/22 [adder (2)]
   802 | D:2      | Reached XP level 3. HP: 1/27 MP: 3/3
   803 | D:2      | Slain by a kobold

Vanquished Creatures
  2 adders (D:2)
  A worm (D:2)
  A dart slug (D:1)
  2 hobgoblins (D:1)
  2 ball pythons (D:1)
  3 kobolds (D:1)
  3 rats
14 creatures vanquished.

Vanquished Creatures (others)
  A frilled lizard (D:1)
1 creature vanquished.

Grand Total: 15 creatures vanquished

Table legend:
 A = Non-vault XP
 B = Vault XP
 C = Vault XP percentage of total XP
 D = Non-vault monster count
 E = Vault monster count
 F = Vault count percentage of total count
                 A         B        C        D         E       F
            +---------+---------+-------+---------+---------+-------
      Total |      49 |       0 |   0.0 |      14 |       0 |   0.0
            +---------+---------+-------+---------+---------+-------
        D:1 |      16 |       0 |   0.0 |      10 |       0 |   0.0
        D:2 |      33 |       0 |   0.0 |       4 |       0 |   0.0
            +---------+---------+-------+---------+---------+-------

Skill      XL: |  1 |
---------------+----+-----
Short Blades   | 3 |  3.3
Dodging        | 3 |  3.3
Fighting       | |  2.0
Throwing       | |  1.7

Action                     || total
---------------------------++-------
  Melee: Rapier            ||    66
         Tailslap          ||     6
    Use: Potion            ||     1
 Armour: Leather armour    ||    10
  Dodge: Dodged            ||    29

Illustrated notes

Table legend:
 A = Kills in this place as a percentage of kills in the entire game.
 B = Kills by you in this place as a percentage of kills by you in the entire game.
 C = Kills by friends in this place as a percentage of kills by friends in the entire game.
 D = Other kills in this place as a percentage of other kills in the entire game.
 E = Experience gained in this place as a percentage of experience gained in the entire game.
 F = Experience gained in this place divided by the number of levels of this place that you have seen.
                   A       B       C       D       E      F
               +-------+-------+-------+-------+-------+----------------------
         Total | 100.0 | 100.0 |   N/A |   N/A | 100.0 |  24.5
       Dungeon | 100.0 | 100.0 |   N/A |   N/A | 100.0 |  24.5
               +-------+-------+-------+-------+-------+----------------------

Table legend: (Time is in decaauts)
 A = Elapsed time spent in this place.
 B = Non-inter-level travel time spent in this place.
 C = Inter-level travel time spent in this place.
 D = Time resting spent in this place.
 E = Time spent auto-exploring this place.
 F = Levels seen in this place.
 G = Mean time per level.
                   A        B        C        D        E       F      G
               +--------+--------+--------+--------+--------+-----+--------+
         Total |    806 |    787 |     19 |      0 |    634 |   2 |  403.0 |
       Dungeon |    806 |    787 |     19 |      0 |    634 |   2 |  403.0 |
               +--------+--------+--------+--------+--------+-----+--------+

Top non-repeatable levels by time:
     D:1: 729 daAuts
     D:2: 77 daAuts
